AoeStats
← JROCK

Arena

510235891Analyzed
2v2 RM · 2d ago on Sep 30, 2026· 59m 56s· 4 players
Game mode
Random Map
Map size
Medium (4 player)
Population
200
Speed
Normal
Resources
Standard
Victory
Conquest
Starting age
Dark Age
Ending age
Imperial Age
RankedLock teamsTeams togetherTeam positionsShared explorationLock speedFull tech treeHidden civsTurbo modeCheats
Victory
Defeat
🇺🇸 Malians · United States
1382
+13
🇺🇸 Hindustanis · United States
1338
+15
🇨🇦 Aztecs · Canada
1346
-15
🇨🇦 Portuguese · Canada
1298
-13
HannibalBarca
10:20 Feudal Age
14:27 Castle Age
15:05 Double-Bit Axe
16:06 Loom
21:22 Gold Mining
21:14 Horse Collar
22:47 Wheelbarrow
25:01 Bloodlines
24:53 Husbandry
24:48 Light Cavalry
28:02 Bow Saw
27:53 Heavy Plow
29:56 Hand Cart
31:15 Coinage
31:09 Town Watch
32:29 Stone Mining
35:00 Ballistics
37:17 Imperial Age
35:15 Pikeman
39:02 Chemistry
37:46 Halberdier
39:58 Conscription
39:40 Arquebus
39:47 Scale Mail Armor
39:57 Forging
42:39 Chain Mail Armor
43:00 Iron Casting
42:54 Elite Organ Gun
51:21 Chain Mail Armor
51:42 Iron Casting
57:53 Plate Mail Armor
58:25 Blast Furnace
58:37 Siege Engineers
MocoLoco
10:42 Feudal Age
15:07 Castle Age
13:51 Double-Bit Axe
14:12 Gold Mining
17:47 Fervor
18:17 Horse Collar
18:53 Bow Saw
22:40 Sanctity
22:37 Squires
22:41 Scale Mail Armor
27:13 Fletching
29:11 Loom
33:54 Wheelbarrow
37:17 Imperial Age
36:13 Gold Shaft Mining
35:13 Eagle Warrior
35:15 Pikeman
35:40 Arson
36:42 Hand Cart
37:23 Chain Mail Armor
37:19 Forging
37:45 Onager
38:22 Town Watch
39:40 Redemption
40:04 Plate Mail Armor
40:09 Iron Casting
40:29 Conscription
40:54 Illumination
40:45 Block Printing
40:56 Block Printing
41:06 Illumination
41:02 Siege Engineers
41:23 Elite Eagle Warrior
45:14 Blast Furnace
44:10 Bodkin Arrow
45:25 Siege Onager
47:25 Elite Jaguar Warrior
48:29 Garland Wars
47:56 Gambesons
47:31 Man-at-Arms
50:37 Chemistry
51:48 Elite Jaguar Warrior
55:45 Capped Ram
JROCK
11:03 Feudal Age
14:33 Castle Age
12:41 Double-Bit Axe
14:21 Horse Collar
16:23 Bow Saw
23:29 Husbandry
24:32 Wheelbarrow
27:09 Scale Barding Armor
27:23 Hand Cart
29:36 Chain Barding Armor
29:45 Gold Mining
30:13 Bloodlines
33:05 Imperial Age
30:33 Stone Mining
31:14 Forging
31:54 Devotion
31:29 Light Cavalry
32:37 Heavy Plow
33:56 Loom
33:41 Hussar
34:00 Heavy Camel Rider
35:17 Plate Barding Armor
35:45 Two-Man Saw
35:29 Ballistics
36:10 Chemistry
35:32 Ballistics
35:42 Conscription
38:31 Iron Casting
38:35 Thumb Ring
39:04 Shatagni
39:07 Grand Trunk Road
39:49 Hoardings
39:54 Gold Shaft Mining
39:56 Stone Shaft Mining
39:07 Imperial Camel Rider
40:46 Siege Engineers
44:05 Caravan
45:12 Blast Furnace
51:42 Fletching
51:50 Murder Holes
52:06 Masonry
51:58 Siege Elephant
56:46 Bodkin Arrow
59:25 Guard Tower
59:23 Town Watch
The_Wanker
10:31 Feudal Age
14:35 Castle Age
13:31 Double-Bit Axe
16:24 Loom
31:51 Wheelbarrow
32:43 Fortified Wall
34:14 Forging
34:45 Town Watch
35:55 Hand Cart
37:45 Iron Casting
40:38 Imperial Age
38:25 Scale Mail Armor
39:27 Chain Mail Armor
39:32 Arson
39:48 Squires
39:47 Pikeman
40:43 Onager
44:11 Capped Ram
45:36 Plate Mail Armor
44:42 Man-at-Arms
46:49 Elite Gbeto
49:42 Long Swordsman
50:27 Two-Handed Swordsman
50:40 Light Cavalry
51:21 Husbandry
51:31 Bloodlines
53:55 Scale Barding Armor
54:47 Cavalier
57:47 Tigui
57:48 Farimba
Connection lost

Rejoining the realm…

Still unreachable

The connection could not be restored.

Session expired

The server has moved on; the page needs a fresh start.